 Dungeon Crawl Stone Soup version 0.19.0-11-g3fc08b3 (webtiles) character file.

54878 Plasmo the Cleaver (level 14, 129/129 HPs)
             Began as a Minotaur Berserker on Oct 30, 2016.
             Was a High Priest of Trog.
             Got out of the dungeon alive.
             The game lasted 01:05:58 (15417 turns).

Plasmo the Cleaver (Minotaur Berserker)            Turns: 15417, Time: 01:05:59

Health: 129/129    AC: 18    Str: 24    XL:     14   Next: 36%
Magic:  6/6        EV: 15    Int:  8    God:    Trog [*****.]
Gold:   1454       SH:  0    Dex: 13    Spells: 0 memorised, 13 levels left

rFire  . . .     SeeInvis .     K - +5 battleaxe (antimagic)
rCold  + . .     Gourm    .     r - +0 chain mail
rNeg   . . .     Faith    .     (shield currently unavailable)
rPois  .         Spirit   .     (helmet restricted)
rElec  .         Reflect  .     h - +2 cloak {+Inv}
rCorr  .         Harm     .     T - +0 pair of gloves
MR     +....                    (no boots)
Stlth  ..........               f - amulet of regeneration
                                B - ring of protection from cold
                                v - +2 ring of dexterity

@: no status effects
A: retaliatory headbutt, horns 2, strong 1
a: Berserk, Trog's Hand, Brothers in Arms, Burn Spellbooks, Renounce Religion,
Evoke Invisibility


You escaped.
You worshipped Trog.
Trog was extremely pleased with you.
You were hungry.

You visited 3 branches of the dungeon, and saw 19 of its levels.
You also visited: Ossuary.

You collected 1598 gold pieces.
You spent 144 gold pieces at shops.

Inventory:

Hand Weapons
 a - a +1 hand axe
 q - a +7 triple sword of holy wrath
 x - a +0 war axe
 K - a +5 antimagic battleaxe (weapon)
Missiles
 k - 24 poisoned needles
 G - 9 silver tomahawks
 U - 6 poisoned javelins (quivered)
 V - 8 steel javelins
Armour
 h - a +2 cloak of invisibility (worn)
 r - a +0 chain mail (worn)
 T - a +0 pair of gloves (worn)
Jewellery
 f - an amulet of regeneration (around neck)
 v - a +2 ring of dexterity (left hand)
 B - a ring of protection from cold (right hand)
 L - an uncursed ring of wizardry
Wands
 t - a wand of confusion (40/48)
 A - a wand of slowing (35/48)
 C - a wand of confusion (31/48)
 E - a wand of flame (14/48)
 H - a wand of disintegration (11/24)
 N - a wand of acid (0/15)
 S - a wand of lightning (3/15)
Scrolls
 b - a scroll of magic mapping
 l - a scroll of recharging
 p - 4 scrolls of teleportation
 w - 6 scrolls of remove curse
 y - 3 scrolls of enchant armour
 D - 2 scrolls of fog
Potions
 d - a potion of haste
 e - 4 potions of lignification
 i - 2 potions of brilliance
 j - a potion of flight
 n - a potion of berserk rage {unknown}
 z - a potion of might
 F - a potion of resistance {unknown}
 J - a potion of curing
 M - 2 potions of ambrosia {unknown}
 O - a potion of cure mutation {unknown}
 X - a potion of invisibility {unknown}
 Y - a potion of cancellation
Books
 m - a book of Maledictions

   Spells                             Type                      Level
   a - Corona                         Hexes                        1
   b - Ensorcelled Hibernation        Hexes/Ice                    2
   c - Confuse                        Hexes                        3
   d - Tukima's Dance                 Hexes                        3
   e - Dazzling Spray                 Conjuration/Hexes            3
   Trog disapproves of the use of such an item.
 P - a book of Callings

   Spells                             Type                      Level
   a - Summon Small Mammal            Summoning                    1
   b - Call Imp                       Summoning                    2
   c - Call Canine Familiar           Summoning                    3
   d - Summon Guardian Golem          Hexes/Summoning              3
   e - Summon Lightning Spire         Summoning/Air                4
   f - Summon Ice Beast               Ice/Summoning                4
   Trog disapproves of the use of such an item.
Miscellaneous
 R - a fan of gales
Comestibles
 c - 4 bread rations
 g - 8 meat rations
 o - 2 beef jerkies
 u - a slice of pizza
 I - a royal jelly
 Q - a fruit


   Skills:
 * Level 13.3 Fighting
 * Level 13.7 Axes
 + Level 7.3 Throwing
 * Level 13.2 Armour
 * Level 11.9 Dodging
 + Level 8.1 Unarmed Combat
 + Level 6.9 Evocations


You had 13 spell levels left.
You didn't know any spells.

Dungeon Overview and Level Annotations

Branches:
Dungeon (11/15)            Temple (0/1) D:4            Lair (6/6) D:9
 Shoals (0/4) Lair:2        Snake (0/4) Lair:2        Slime (0/5) Lair:5
    Orc (2/2) D:9             Elf (0/3) Orc:2

Altars:
Cheibriados
Fedhas
Gozag
Hepliaklqana
Makhleb

Shops:
D:5 (   Orc:2 !%:(

Portals:
Hell: Lair:6
Pandemonium: Orc:2


Innate Abilities, Weirdness & Mutations

You reflexively headbutt those who attack you in melee.
You have a pair of horns on your head.
Your muscles are strong. (Str +2)


Message History

You see here a stone.
There is a stone staircase leading up here.
You climb upwards.
There is a stone staircase leading down here.
There is a stone staircase leading up here.
You climb upwards.
There is a stone staircase leading down here.
You are feeling hungry.
(D) Dungeon (T) Temple (L) Lair (A) Shoals (P) Snake Pit (M) Slime Pits (O) Orcish Mines (E) Elven Halls (H) Hell
Where to? (Enter - D:1 @ (x,y), ? - help)
There is an open door here.
You see here a club.
There is an open door here.
There is an open door here.
You see here a +0 animal skin.
There is a staircase leading out of the dungeon here.
Are you sure you want to leave the Dungeon?
This will make you lose the game!
You have escaped!

### **,,,,,,,,,**,,*#...##.##
#.## ****,,,,,,***,*#...##...
#..# ***,,,,,,#,,#...##### ...###
***,,,.#,,#...##### .....########
***..#,,#........
.####..##.#.#######..#......##.##
.# ###..##..#..#....##.##..##.#
.# ######...[......#*#..#..##.#
.####.#.....###.@..#####.#..##.##
.##.#....#####.....##............
.#......## #.#.#####.###...##.#.
.#.....## **#####............#...
.....### *,,,,,,................
.##### *,***,*,###.#..#....... .#
*,* *,*,,,#.#..#.>..... .####
*,*****,*,#.#..##.###..
....#******,,,,,,,*,#.....#.####.


There were no monsters in sight!

Vanquished Creatures
  3 dire elephants (Lair:6)
  Snorg (Lair:6)
  Josephine (Lair:6)
  Erolcha (D:9)
  3 hydras
  Fannar (Lair:1)
  A catoblepas (Lair:3)
  A sun demon (Lair:6)
  A death yak (Lair:4)
  4 orc high priests (Orc:2)
  4 infernal demonspawn (Orc:2)
  A wizard (Lair:6)
  The ghost of Tyryt0 the Sneak, a novice OpFi of Ashenzari (D:7)
  4 orc knights
  An ugly thing (D:9)
  5 orc sorcerers (Orc:2)
  6 elephants (Lair:6)
  3 black mambas
  A rust devil (Orc:2)
  2 smoke demons
  9 spiny frogs
  5 orange demons (Lair:6)
  A torpor snail (Lair:4)
  2 rime drakes (Lair:6)
  4 ice devils (Lair:6)
  5 komodo dragons
  A hellwing (Lair:6)
  3 red devils (Orc:2)
  A troll (Orc:2)
  5 polar bears
  A two-headed ogre (D:10)
  7 blink frogs
  Prince Ribbit (Lair:2)
  7 hippogriffs
  4 wyverns
  46 yaks
  Grum (D:8)
  4 wraiths (Lair:6)
  6 basilisks
  A chaos spawn (Orc:2)
  A naga (Lair:2)
  14 water moccasins
  A sky beast (D:9)
  9 porcupines
  20 orc warriors
  A phantom (D:5)
  2 necrophages
  8 ogres
  12 wolves
  2 centaurs
  13 crocodiles
  6 bullfrogs
  3 scorpions
  6 killer bees (D:7)
  A howler monkey (D:9)
  3 electric eels
  2 crimson imps (D:6)
  2 jellies
  2 centaur zombies
  A human zombie (Ossuary)
  A hound (D:6)
  Crazy Yiuf (D:2)
  4 centaur skeletons
  18 orc priests
  A bullfrog skeleton (D:7)
  An iguana (Lair:1)
  10 orc wizards
  2 worker ants
  4 hound zombies (Ossuary)
  A hound skeleton (D:6)
  4 mummies
  A howler monkey zombie (D:6)
  Robin (D:3)
  A gnoll (D:6)
  4 adders
  3 shadow imps
  5 adder zombies
  A worm (D:4)
  2 dart slugs
  3 leopard geckos
  64 orcs
  3 giant cockroaches
  3 gnoll zombies (Ossuary)
  9 hobgoblins
  3 jackals (D:3)
  2 quokkas
  A ball python (D:1)
  5 bats
  A frilled lizard (D:3)
  13 goblins
  6 goblin zombies (Ossuary)
  4 hobgoblin zombies
  2 jackal zombies (Ossuary)
  2 kobolds
  A kobold zombie (Ossuary)
  A leopard gecko skeleton (D:6)
  An orc zombie (Ossuary)
  2 quokka skeletons
  4 quokka zombies (Ossuary)
  8 rats
  6 rat zombies (Ossuary)
  2 fungi
  4 plants
483 creatures vanquished.

Vanquished Creatures (collateral kills)
  An orc high priest (Orc:2)
  An orc knight (Orc:2)
  An orc sorcerer (Orc:2)
  2 orc warriors (Orc:2)
  2 orc priests (Orc:2)
7 creatures vanquished.

Vanquished Creatures (others)
  11 fungi
  2 plants (Lair:6)
13 creatures vanquished.

Grand Total: 503 creatures vanquished

Notes
Turn   | Place    | Note
-------+----------+-------------------------------------------
     0 | D:1      | Plasmo the Minotaur Berserker began the quest for the Orb.
     0 | D:1      | Reached XP level 1. HP: 19/19 MP: 0/0
   613 | D:2      | Reached XP level 2. HP: 27/27 MP: 1/1
   702 | D:2      | Found a runed door.
   703 | D:2      | Noticed Crazy Yiuf
   715 | D:2      | Killed Crazy Yiuf
   715 | D:2      | Reached XP level 3. HP: 22/33 MP: 2/2
   932 | D:3      | Reached ** piety under Trog
  1010 | D:3      | Noticed Robin
  1016 | D:3      | Reached XP level 4. HP: 40/40 MP: 3/3
  1022 | D:3      | Killed Robin
  1174 | D:4      | Found a staircase to the Ecumenical Temple.
  1205 | D:4      | Noticed an ogre
  1211 | D:4      | Killed an ogre
  1211 | D:4      | Reached skill level 1 in Throwing
  1211 | D:4      | Reached skill level 1 in Unarmed Combat
  1211 | D:4      | Reached XP level 5. HP: 47/47 MP: 4/4
  1219 | D:4      | Reached skill level 5 in Axes
  1225 | D:4      | Reached *** piety under Trog
  1347 | D:4      | Found a sand-covered staircase.
  1358 | Ossuary  | Entered an ossuary
  1454 | Ossuary  | Reached XP level 6. HP: 55/55 MP: 5/5
  1500 | Ossuary  | Reached skill level 5 in Fighting
  1638 | Ossuary  | Reached skill level 1 in Evocations
  1740 | D:4      | Reached **** piety under Trog
  1756 | D:4      | Gained mutation: Your muscles are strong. (Str +2) [potion of beneficial mutation]
  1791 | D:4      | Reached XP level 7. HP: 61/61 MP: 6/6
  1909 | D:5      | Entered Level 5 of the Dungeon
  1940 | D:5      | Reached skill level 5 in Armour
  2006 | D:5      | Found Ewuered's Weapon Shop.
  2177 | D:6      | Noticed a yak
  2198 | D:6      | Killed a yak
  2198 | D:6      | Reached XP level 8. HP: 70/70 MP: 8/8
  2243 | D:6      | Reached skill level 5 in Dodging
  2698 | D:6      | Found a snail-covered altar of Cheibriados.
  2926 | D:7      | Noticed Tyryt0's ghost (novice OpFi)
  2942 | D:7      | Killed Tyryt0's ghost
  2942 | D:7      | Reached XP level 9. HP: 53/79 MP: 8/10
  3153 | D:7      | Found an opulent altar of Gozag.
  3403 | D:8      | Found a hazy altar of Hepliaklqana.
  3473 | D:8      | Found a blossoming altar of Fedhas.
  3534 | D:8      | Noticed Grum
  3546 | D:8      | Killed Grum
  3552 | D:8      | Reached ***** piety under Trog
  4160 | D:9      | You fall through a shaft for 2 floors!
  4177 | D:10     | Entered Level 10 of the Dungeon
  4610 | D:9      | Reached XP level 10. HP: 76/88 MP: 11/11
  4622 | D:9      | Received a gift from Trog
  5023 | D:9      | Found a staircase to the Orcish Mines.
  5184 | D:9      | Found a staircase to the Lair.
  5219 | D:9      | Noticed a purple ugly thing
  5228 | D:9      | Killed a purple ugly thing
  5285 | D:9      | Noticed Erolcha
  5291 | D:9      | Killed Erolcha
  5564 | Lair:1   | Entered Level 1 of the Lair of Beasts
  5566 | Lair:1   | Noticed a black mamba
  5573 | Lair:1   | Killed a black mamba
  5964 | Lair:1   | Received a gift from Trog
  5970 | Lair:1   | Noticed Fannar
  5988 | Lair:1   | Killed Fannar
  6344 | Lair:2   | Found a staircase to the Snake Pit.
  6468 | Lair:2   | Reached XP level 11. HP: 65/96 MP: 4/13
  6684 | Lair:2   | Found a staircase to the Shoals.
  6710 | Lair:2   | Noticed Prince Ribbit
  6715 | Lair:2   | Reached skill level 5 in Unarmed Combat
  6718 | Lair:2   | Killed Prince Ribbit
  7532 | Lair:3   | Reached skill level 10 in Axes
  7866 | Lair:3   | Reached skill level 10 in Fighting
  7869 | Lair:3   | Reached skill level 5 in Throwing
  7876 | Lair:3   | Reached skill level 10 in Armour
  8097 | Lair:3   | Noticed a catoblepas
  8106 | Lair:3   | Killed a catoblepas
  8493 | Lair:3   | Reached skill level 5 in Evocations
  8692 | Lair:4   | Noticed a death yak
  8701 | Lair:4   | Killed a death yak
  8701 | Lair:4   | Reached XP level 12. HP: 96/107 MP: 4/14
  9906 | Lair:5   | Received a gift from Trog
  9949 | Lair:5   | Reached skill level 10 in Dodging
 10320 | Lair:5   | Noticed a four-headed hydra
 10326 | Lair:5   | Killed a seven-headed hydra
 10342 | Lair:5   | Found a staircase to the Slime Pits.
 10494 | Lair:6   | Entered Level 6 of the Lair of Beasts
 10494 | Lair:6   | Noticed Josephine
 10501 | Lair:6   | Killed Josephine
 10505 | Lair:6   | Received a gift from Trog
 10553 | Lair:6   | Noticed an eight-headed hydra
 10563 | Lair:6   | Killed a 13-headed hydra
 10769 | Lair:6   | Noticed an eight-headed hydra
 10777 | Lair:6   | Killed an 11-headed hydra
 10908 | Lair:6   | Reached XP level 13. HP: 64/117 MP: 5/16
 11273 | Lair:6   | Noticed a dire elephant
 11285 | Lair:6   | Killed a dire elephant
 11334 | Lair:6   | Noticed a dire elephant
 11346 | Lair:6   | HP: 7/177 [dire elephant (12)]
 11347 | Lair:6   | Killed a dire elephant
 11571 | Lair:6   | Noticed a dire elephant
 11580 | Lair:6   | Killed a dire elephant
 11788 | Lair:6   | Noticed Snorg
 11798 | Lair:6   | Killed Snorg
 11930 | Lair:6   | Found a burning altar of Makhleb.
 12386 | Lair:6   | Received a gift from Trog
 13053 | Lair:6   | Found a gateway to Hell.
 13267 | D:9      | Upgraded the game from 0.19-b1-4-gd8a0a2a to 0.19.0
 13301 | Orc:1    | Entered Level 1 of the Orcish Mines
 13486 | Orc:2    | Entered Level 2 of the Orcish Mines
 13783 | Orc:2    | Found Tasch's Food Shop.
 13791 | Orc:2    | Found Qoip's Distillery.
 13809 | Orc:2    | Reached ****** piety under Trog
 13846 | Orc:2    | Reached XP level 14. HP: 38/129 MP: 5/17
 14006 | Orc:2    | Received a gift from Trog
 14056 | Orc:2    | Bought a potion of cancellation for 96 gold pieces
 14056 | Orc:2    | Bought a potion of agility for 48 gold pieces
 14153 | Orc:2    | Received a gift from Trog
 14184 | Orc:2    | Paralysed by an orc sorcerer for 5 turns
 14663 | Orc:2    | Paralysed by an orc sorcerer for 4 turns
 15029 | Orc:2    | Found Feycepoden's Book Emporium.
 15029 | Orc:2    | Found a one-way gate leading to the halls of Pandemonium.
 15029 | Orc:2    | Found Lawagg's Antique Weapon Shoppe.
 15132 | D:9      | Upgraded the game from 0.19.0 to 0.19.0-11-g3fc08b3
 15417 | D:$      | Got out of the dungeon alive.

Skill      XL: |  1  2  3  4  5  6  7  8  9 10 11 12 13 14 |
---------------+-------------------------------------------+-----
Fighting       | 4 5 6 7 8 9 10 11 13 | 13.3
Axes           | 4 5 6 7 8 9 10 12 13 | 13.7
Armour         | 3 4 5 7 8 9 10 11 12 13 | 13.2
Dodging        | 3 4 6 7 8 9 10 11 | 11.9
Throwing       | 1 2 3 4 5 6 7 |  7.3
Unarmed Combat | 1 2 3 4 5 6 7 8 |  8.1
Evocations     | 1 2 3 4 5 6 |  6.9

Action                   |  1- 3 |  4- 6 |  7- 9 | 10-12 | 13-15 || total
-------------------------+-------+-------+-------+-------+-------++-------
Melee: Hand axe          |    73 |   196 |    62 |       |       ||   331
       Headbutt          |     7 |    44 |    44 |   111 |    82 ||   288
       War axe           |       |       |   159 |   135 |       ||   294
       Punch             |       |       |     2 |     5 |       ||     7
       Battleaxe         |       |       |       |   322 |   370 ||   692
Throw: Tomahawk          |       |       |       |     6 |    25 ||    31
       Javelin           |       |       |       |       |    23 ||    23
Invok: Berserk           |     2 |     2 |     6 |    16 |    12 ||    38
       Burn Spellbooks   |       |       |       |     1 |       ||     1
       Brothers in Arms  |       |       |       |       |     1 ||     1
Evoke: Wand              |       |       |       |       |     9 ||     9
  Use: Scroll            |     7 |     6 |     5 |     9 |    10 ||    37
       Potion            |       |     1 |     2 |     3 |    10 ||    16
  Eat: Chunk             |     1 |     4 |    12 |    28 |    15 ||    60
       Pizza             |       |       |     2 |       |       ||     2
       Fruit             |       |       |       |     8 |    13 ||    21
       Beef jerky        |       |       |       |     1 |       ||     1
Armor: Ring mail         |    30 |     1 |       |       |       ||    31
       Chain mail        |       |    79 |   117 |   217 |   146 ||   559
Dodge: Dodged            |    54 |    79 |   114 |   329 |   266 ||   842
